Map: Iron Fortress LE (Void)

Players

Bop - Winner!

  • Race: Zerg Zerg

Bones - Winner!

  • Race: Zerg Zerg

Miyako

  • Race: Terran Terran

Kunamatata

  • Race: Terran Terran

VOD

Have the link to the VOD?

Description

Time

  • Played on: May 2, 2015, 12:55 a.m.
  • Length: 16:07
Show
View Real Time Build Order
Export as new Build Order

Bop Zerg - Winner!

Build Orders: Hatch First, Lurkers, Swarm Host 

Get SALT Encoding   

  12  0:00  Drone  
  13  0:12  Overlord  
  13  0:17  Drone  
  14  0:30  Drone x2  
  16  0:36  Drone  
  17  0:54  Hatchery  
  16  0:58  Drone x2  
  16  1:02  Extractor  
  17  1:14  Spawning Pool  
  17  1:17  Drone  
  17  1:20  Drone  
  18  1:35  Drone  
  19  1:52  Drone x2  
  21  2:02  Metabolic Boost  
  21  2:05  Drone  
  21  2:06  Queen x2  
  21  2:07  Overlord  
  26  2:18  Drone x2  
  28  2:27  Zergling x2  
  28  2:28  Zergling x2  
  30  2:40  Extractor  
  28  2:51  Lair  
  28  2:53  Drone x4  
  33  3:04  Queen  
  35  3:06  Overlord  
  35  3:15  Drone  
  35  3:19  Overlord  
  36  3:28  Drone x4  
  36  3:30  Drone, Zergling x2  
  36  3:31  Drone x2, Extractor, Baneling Nest  
  36  3:33  Extractor  
  41  3:37  Overlord  
  41  3:44  Drone x3  
  44  3:51  Drone  
  44  3:52  Drone x3  
  48  3:57  Drone  
  48  4:04  Spire  
  48  4:06  Drone x2  
  49  4:19  Queen  
  49  4:20  Queen  
  49  4:21  Overlord  
  52  4:31  Drone x3, Extractor  
  54  4:32  Drone  
  54  4:33  Drone  
  56  4:45  Overlord  
  56  4:54  Hatchery  
  56  4:57  Zergling x2  
  56  4:58  Zergling x10  
  61  5:08  Overlord  
  61  5:17  Mutalisk  
  61  5:18  Mutalisk x3  
  69  5:23  Mutalisk  
  69  5:27  Mutalisk  
  70  5:28  Hydralisk Den  
  70  5:33  Mutalisk, Overseer  
  71  5:37  Queen x2  
  71  5:42  Mutalisk  
  71  5:45  Lurker Den  
  73  5:50  Drone x6  
  79  6:09  Drone x4  
  79  6:11  Queen  
  83  6:12  Overlord  
  85  6:24  Overlord x2  
  85  6:27  Extractor x2  
  85  6:31  Hydralisk x3  
  87  6:39  Drone x2  
  81  6:41  Hydralisk  
  82  6:48  Drone x8  
  82  6:49  Drone  
  91  7:01  Overlord  
  91  7:03  Drone x3  
  91  7:08  Overlord  
  94  7:12  Infestation Pit  
  94  7:14  Lurker x4  
  97  7:16  Drone x2  
  97  7:21  Drone  
  97  7:22  Drone x3  
  99  7:41  Mutalisk x6  
  111  7:48  Drone x2  
  111  7:49  Evolution Chamber x2  
  111  7:52  Zerg Flyer Weapons Level 1  
  111  7:59  Hatchery  
  111  8:04  Hive  
  110  8:06  Zergling x10  
  110  8:09  Drone x6  
  119  8:13  Overlord  
  119  8:17  Overlord  
  119  8:21  Overlord  
  119  8:22  Overlord  
  119  8:28  Overlord  
  119  8:42  Zerg Ground Armor Level 1, Zerg Melee Weapons Level 1  
  119  8:51  Hydralisk  
  119  8:52  Hydralisk x4  
  119  8:54  Drone x8  
  137  9:00  Spore Crawler x2  
  135  9:03  Drone  
  135  9:04  Drone x2  
  135  9:05  Spore Crawler x3  
  135  9:15  Drone x5  
  140  9:19  Adrenal Glands  
  140  9:20  Ultralisk Cavern  
  140  9:22  Lurker x2  
  140  9:23  Lurker  
  142  9:25  Lurker  
  142  9:26  Lurker  
  142  9:29  Extractor  
  143  9:31  Extractor  
  142  9:41  Burrow  
  142  9:45  Overlord x2  
  142  9:48  Zerg Flyer Weapons Level 2  
  142  9:55  Hydralisk x5  
  142  9:56  Zergling x2  
  142  9:57  Zergling x12  
  159  10:08  Ultralisk  
  159  10:12  Queen  
  167  10:17  Overlord x2  
  167  10:21  Chitinous Plating  
  166  10:23  Zergling x18  
  166  10:27  Overlord  
  175  10:40  Centrifical Hooks  
  175  10:42  Zerg Ground Armor Level 2, Zerg Melee Weapons Level 2  
  173  10:44  Zergling x2  
  173  10:45  Zergling x12  
  178  10:51  Zergling x12  
  184  11:02  Zergling x2  
  184  11:03  Zergling x2  
  184  11:04  Zergling x2  
  187  11:20  Ultralisk x2  
  187  11:24  Pneumatized Carapace, Overseer  
  199  11:27  Lurker x3  
  199  11:28  Lurker x2, Overseer  
  198  11:33  Baneling  
  198  11:34  Baneling x3  
  196  11:43  Hatchery  
  194  11:59  Ultralisk x2  
  198  12:09  Zerg Flyer Weapons Level 3  
  198  12:14  Baneling x2  
  198  12:18  Overseer  
  196  12:30  Overlord x2  
  196  12:38  Extractor, Zergling x12  
  196  12:43  Extractor  
  197  12:48  Swarm Host  
  197  12:58  Ventral Sacs  
  197  13:03  Zerg Melee Weapons Level 3  
  197  13:04  Zerg Ground Armor Level 3  
  191  13:18  Spore Crawler, Spine Crawler  
  191  13:19  Spore Crawler, Spine Crawler  
  187  13:22  Spine Crawler  
  187  13:25  Spore Crawler  
  182  13:31  Ultralisk x2  
  182  13:33  Zergling x6  
  182  13:34  Zergling x4  
  199  13:36  Spore Crawler  
  199  13:38  Spore Crawler  
  194  13:57  Spore Crawler  
  160  14:28  Swarm Host x14  
  171  15:24  Corruptor x11  
Show
View Real Time Build Order
Export as new Build Order

Bones Zerg - Winner!

Build Orders:  

Get SALT Encoding   

  12  0:01  SCV  
  13  0:17  Supply Depot  
  13  0:20  SCV  
  14  0:25  Refinery  
  14  0:33  SCV  
  15  0:43  Barracks  
  15  0:47  SCV  
  16  0:59  SCV  
  17  1:11  SCV  
  18  1:24  SCV  
  19  1:32  Reaper  
  20  1:37  Orbital Command  
  20  1:40  Supply Depot  
  20  2:03  SCV  
  20  2:04  Reaper  
  22  2:09  Command Center  
  22  2:15  SCV  
  23  2:27  SCV, Factory  
  24  2:42  Barracks Reactor  
  24  2:43  SCV  
  25  2:46  Command Center  
  25  2:55  SCV  
  25  3:07  SCV  
  26  3:19  SCV  
  27  3:24  Orbital Command  
  27  3:31  Reaper  
  27  3:32  Hellion x2  
  27  3:34  SCV  
  33  3:39  Supply Depot  
  33  3:52  SCV x2, Engineering Bay  
  33  3:53  Hellion x2, Engineering Bay  
  39  3:59  Orbital Command  
  39  4:04  SCV, Reaper  
  39  4:09  SCV  
  42  4:15  Hellion x2  
  46  4:18  SCV  
  46  4:19  Terran Infantry Weapons Level 1, Terran Infantry Armor Level 1  
  46  4:23  SCV  
  48  4:26  SCV  
  48  4:30  SCV  
  50  4:36  Hellion x2  
  53  4:39  SCV x2  
  53  4:42  SCV, Barracks Tech Lab  
  56  4:48  Supply Depot x2  
  56  4:51  SCV  
  57  4:53  Barracks  
  57  4:55  Refinery  
  57  4:56  Refinery x2, Barracks  
  57  4:58  SCV  
  57  4:59  SCV  
  59  5:00  Marine  
  59  5:02  Stimpack  
  59  5:03  SCV  
  61  5:10  SCV  
  61  5:11  SCV  
  63  5:15  SCV  
  63  5:17  Factory Reactor  
  64  5:22  SCV  
  64  5:23  SCV  
  64  5:27  SCV, Barracks  
  67  5:29  Barracks  
  67  5:30  Supply Depot x2  
  67  5:34  SCV, Bunker  
  67  5:35  SCV  
  69  5:36  Supply Depot  
  69  5:38  Starport  
  69  5:39  SCV  
  69  5:44  Armory  
  69  5:46  SCV  
  70  5:51  SCV  
  71  5:57  SCV  
  71  6:02  Marine x5  
  71  6:03  Factory Reactor  
  71  6:04  SCV  
  78  6:07  Missile Turret  
  78  6:10  Missile Turret  
  73  6:20  Marine x2  
  72  6:27  Marine x3  
  72  6:29  SCV  
  73  6:33  SCV  
  73  6:38  Marine  
  73  6:39  Terran Infantry Weapons Level 2, Terran Infantry Armor Level 2  
  70  6:41  Marine  
  69  6:48  Marine x2  
  69  6:53  Missile Turret  
  69  6:55  Marine x2  
  69  6:57  Widow Mine x2  
  69  6:58  SCV, Medivac  
  78  7:02  Marine  
  78  7:03  SCV x2  
  78  7:05  Marine  
  78  7:06  Marine  
  80  7:10  SCV  
  80  7:13  Marine x2  
  83  7:15  SCV  
  83  7:20  Marine  
  83  7:23  Barracks Reactor, Marine  
  83  7:24  Barracks Reactor  
  80  7:37  Marine x3  
  80  7:38  SCV, Factory Reactor  
  80  7:41  Marine x2  
  80  7:42  Barracks  
  80  7:43  Barracks  
  84  7:45  Factory, Barracks  
  84  7:47  Orbital Command  
  84  7:48  Supply Depot x2  
  84  7:51  Supply Depot  
  84  7:55  Marine x3  
  84  7:56  Medivac  
  89  7:59  Marine x2  
  89  8:13  SCV x3  
  92  8:21  Marine x9  
  92  8:25  SCV x3  
  104  8:29  Medivac x2  
  104  8:32  Missile Turret  
  108  8:37  SCV  
  108  8:38  Marine x2  
  108  8:39  Marine x4  
  115  8:41  Barracks Tech Lab  
  115  8:42  Barracks Tech Lab  
  115  8:43  Barracks Tech Lab  
  115  8:47  Hellion x2  
  119  8:49  Factory Tech Lab  
  119  8:52  SCV x2  
  119  8:54  Factory  
  109  9:02  Marine  
  109  9:03  Marine x7  
  109  9:05  Refinery  
  109  9:06  Refinery, Marauder x4  
  109  9:08  Terran Vehicle And Ship Armor Level 1  
  125  9:12  Hellion x2  
  125  9:13  Infernal Pre-Igniter  
  125  9:14  Armory  
  132  9:24  Siege Tank  
  132  9:41  Supply Depot x2, Hellion x2  
  132  9:42  Command Center  
  132  9:43  Marauder x2, Marine  
  132  9:45  Marine x4  
  141  9:46  Supply Depot, Marauder x2  
  141  9:50  Factory Tech Lab  
  141  9:51  Supply Depot  
  141  9:52  Supply Depot  
  139  9:54  Combat Shields  
  139  10:06  Siege Tank, Missile Turret  
  142  10:12  Missile Turret  
  142  10:17  Thor  
  147  10:24  Terran Vehicle and Ship Weapons Level 1  
  147  10:31  Marine  
  147  10:32  Starport, Marine x9  
  156  10:44  Missile Turret  
  156  10:48  Banshee, Cloaking Field  
  159  10:54  Siege Tank  
  162  10:58  Planetary Fortress  
  162  11:01  Widow Mine x2  
  162  11:03  Refinery  
  166  11:09  Refinery  
  165  11:12  Thor  
  164  11:30  Banshee  
  164  11:31  Banshee  
  160  11:33  Terran Vehicle And Ship Armor Level 2  
  160  11:43  Starport x2  
  143  12:05  Missile Turret  
  137  12:14  Banshee  
  135  12:16  Banshee  
  121  12:24  Starport Tech Lab, Fusion Core  
  121  12:35  SCV x3  
  124  12:43  Siege Tank  
  124  12:44  Banshee, Siege Tank  
  129  12:46  Banshee  
  129  12:49  Terran Vehicle and Ship Weapons Level 2  
  135  12:52  Missile Turret  
  135  12:53  SCV  
  135  12:54  SCV x2  
  127  13:05  SCV  
  127  13:06  SCV  
  127  13:09  SCV  
  128  13:14  SCV  
  128  13:23  SCV x2  
  128  13:25  SCV  
  131  13:36  Behemoth Reactor  
  127  14:06  Battlecruiser  
  130  14:22  Raven  
  123  14:25  Orbital Command  
  121  14:51  Supply Depot x2, Starport Tech Lab x2  
  121  14:52  Supply Depot x2  
  121  14:54  Supply Depot  
  121  14:58  Factory Tech Lab  
  121  14:59  Factory Tech Lab  
  121  15:01  Supply Depot  
  121  15:04  Command Center  
  121  15:12  Marine x3  
  121  15:13  Marine x5  
  123  15:30  Marine  
  123  15:31  Marine  
Show
View Real Time Build Order
Export as new Build Order

Miyako Terran 

Build Orders:  

Get SALT Encoding   

Show
View Real Time Build Order
Export as new Build Order

Kunamatata Terran 

Build Orders:  

Get SALT Encoding   

Tags
 
Add a new tag
Caveats
  • Supply blocks, unpowered buildings, or Contaminate may cause inaccurate times.
  • Supply counts are checked every 10 seconds.